Map: Nightshade LE

Players

LiquidMaNa (MaNa) - Winner!

  • Race: Protoss Protoss
  • League: Master
  • Spawn Location: 5:00

INnoVation

  • Race: Terran Terran
  • Spawn Location: 11:00

Event: Shopify TSL 5

VOD

Have the link to the VOD?

Description

Time

  • Played on: May 30, 2020, 8:17 a.m.
  • Length: 13:23

All games in this series

Show
View Real Time Build Order
Export as new Build Order

LiquidMaNa Protoss - Winner!

Build Orders: 1 Gate Expand, Phoenix Opening, Blink Stalkers 

Get SALT Encoding   

  12  0:00  Probe  
  13  0:12  Probe  
  14  0:17  Pylon  
  14  0:24  Probe (Chrono Boost)  
  15  0:37  Probe (Chrono Boost), Gateway  
  16  0:44  Probe (Chrono Boost)  
  16  0:46  Assimilator  
  17  0:51  Probe  
  18  1:03  Probe (Chrono Boost)  
  19  1:04  Assimilator  
  19  1:13  Probe (Chrono Boost)  
  19  1:17  Probe (Chrono Boost)  
  20  1:25  Cybernetics Core  
  21  1:29  Probe  
  22  1:43  Nexus  
  22  1:51  Pylon  
  22  1:53  Probe  
  23  2:01  Warp Gate  
  23  2:06  Stalker (Chrono Boost)  
  23  2:09  Probe  
  26  2:21  Probe  
  27  2:24  Twilight Council  
  27  2:31  Sentry  
  27  2:33  Probe  
  30  2:42  Gateway  
  30  2:45  Probe  
  30  2:50  Robotics Facility  
  31  2:55  Probe  
  31  2:58  Probe  
  33  3:04  Phoenix  
  33  3:07  Probe  
  33  3:09  Stalker  
  33  3:10  Probe  
  37  3:17  Blink (Chrono Boost)  
  37  3:18  Pylon  
  37  3:19  Probe  
  38  3:22  Probe  
  39  3:29  Warp Prism  
  39  3:32  Probe  
  40  3:34  Probe  
  43  3:50  Stalker x2  
  43  3:53  Probe x2  
  49  4:02  Gateway  
  49  4:06  Gateway  
  49  4:11  Pylon  
  49  4:14  Observer  
  49  4:16  Stalker  
  52  4:18  Stalker  
  54  4:25  Pylon  
  54  4:29  Probe x2  
  56  4:41  Probe x2, Stalker x2  
  56  4:44  Assimilator  
  62  4:47  Pylon  
  62  4:53  Probe x2  
  64  5:05  Probe x2  
  66  5:07  Stalker x3  
  66  5:11  Stalker  
  74  5:17  Probe x2  
  74  5:18  Assimilator  
  72  5:36  Stalker x3  
  76  5:43  Probe x2  
  78  5:55  Probe  
  62  6:01  Probe (Chrono Boost)  
  63  6:08  Probe (Chrono Boost), Stalker x2  
  63  6:09  Stalker x2  
  72  6:13  Probe (Chrono Boost)  
  74  6:18  Probe (Chrono Boost)  
  74  6:20  Probe (Chrono Boost)  
  74  6:23  Probe (Chrono Boost)  
  74  6:27  Probe  
  73  6:34  Probe  
  72  6:40  Stalker x3  
  74  6:48  Probe  
  74  6:51  Probe  
  73  6:54  Observer  
  74  7:04  Stalker  
  74  7:05  Stalker  
  74  7:07  Pylon  
  78  7:17  Nexus  
  76  7:31  Stalker x3  
  70  7:39  Probe  
  70  7:41  Probe  
  72  7:45  Observer  
  72  7:46  Robotics Bay  
  72  7:47  Forge  
  72  7:51  Probe  
  74  7:53  Probe  
  74  7:56  Stalker x4  
  79  8:03  Probe  
  79  8:04  Pylon  
  81  8:05  Probe  
  81  8:08  Shield Battery  
  70  8:14  Protoss Ground Weapons Level 1 (Chrono Boost)  
  70  8:15  Probe  
  70  8:18  Probe  
  70  8:22  Stalker x4  
  78  8:32  Colossus (Chrono Boost)  
  78  8:40  Probe  
  83  8:50  Charge (Chrono Boost)  
  83  8:51  Extended Thermal Lance  
  83  8:52  Probe  
  83  8:53  Probe  
  85  8:58  Shield Battery, Sentry x2, Zealot  
  85  8:59  Zealot  
  85  9:00  Probe  
  94  9:05  Pylon  
  94  9:15  Probe  
  94  9:16  Colossus (Chrono Boost)  
  95  9:18  Shield Battery  
  95  9:21  Assimilator  
  101  9:33  Stalker  
  101  9:34  Stalker x3  
  109  9:38  Assimilator  
  109  9:45  Gateway  
  109  9:46  Gateway  
  109  9:47  Gateway  
  109  9:48  Gateway  
  109  9:49  Observer  
  109  9:52  Pylon  
  109  9:53  Pylon  
  109  10:03  Zealot x4  
  117  10:07  Colossus (Chrono Boost)  
  107  10:35  Zealot x4  
  107  10:41  Zealot x2  
  119  10:43  Zealot x2  
  119  10:47  Templar Archives  
  119  10:49  Nexus  
  117  11:04  Sentry x4, Zealot x2  
  121  11:05  Zealot x2  
  133  11:14  Protoss Ground Armor Level 1 (Chrono Boost)  
  133  11:18  Pylon  
  133  11:20  Pylon  
  133  11:30  Observer  
  133  11:32  Probe x2  
  115  11:42  High Templar x7  
  115  11:44  Zealot  
  115  11:45  Probe x2  
  131  11:48  Archon x3  
  131  11:51  Immortal (Chrono Boost)  
  133  11:55  Forge  
  133  11:58  Probe x3, Pylon  
  136  12:18  High Templar  
  136  12:19  Zealot x2, High Templar  
  136  12:20  Zealot, High Templar  
  136  12:21  Zealot x2  
  152  12:23  Archon  
  152  12:25  Archon  
  152  12:27  Immortal (Chrono Boost)  
  156  12:32  Photon Cannon  
  156  12:36  Shield Battery  
  156  12:42  Zealot x5  
  138  12:58  Zealot x3  
  138  13:04  Zealot x2  
  138  13:05  Probe, Zealot x3  
Show
View Real Time Build Order
Export as new Build Order

INnoVation Terran 

Build Orders: Liberator Opening 

Get SALT Encoding   

  12  0:01  SCV  
  13  0:13  SCV  
  14  0:17  Supply Depot  
  14  0:25  SCV  
  15  0:39  SCV  
  15  0:40  Barracks  
  16  0:44  Refinery  
  16  0:51  SCV  
  17  1:03  SCV  
  18  1:15  SCV  
  19  1:27  Orbital Command  
  19  1:28  Marine  
  20  1:47  Barracks Reactor  
  20  1:50  Command Center  
  20  1:54  SCV  
  20  1:57  Supply Depot  
  21  2:06  SCV  
  22  2:10  Factory  
  22  2:16  Refinery  
  22  2:18  SCV  
  22  2:22  Marine x2  
  25  2:30  SCV  
  26  2:40  Marine x2  
  26  2:42  SCV  
  29  2:55  Starport, Widow Mine  
  31  3:01  SCV, Orbital Command  
  31  3:02  Marine  
  31  3:03  Marine  
  34  3:13  SCV  
  34  3:17  Widow Mine  
  37  3:20  Marine  
  37  3:21  Marine  
  39  3:27  Supply Depot  
  39  3:28  SCV x2  
  39  3:31  Medivac  
  43  3:37  Supply Depot  
  43  3:39  Factory Tech Lab  
  43  3:40  Marine x2  
  45  3:43  SCV  
  46  3:48  SCV  
  46  3:50  Supply Depot  
  47  3:58  Siege Tank  
  47  3:59  Marine x2  
  52  4:03  Liberator  
  52  4:06  SCV x2  
  57  4:12  Supply Depot  
  57  4:17  Marine x2  
  57  4:19  SCV x2  
  61  4:29  Bunker  
  61  4:30  Siege Tank  
  63  4:35  SCV x2, Marine x2  
  63  4:38  Supply Depot  
  67  4:50  SCV x2  
  69  4:52  Marine  
  69  4:53  Marine  
  70  5:00  Supply Depot  
  70  5:02  Siege Tank  
  73  5:08  Medivac, Command Center  
  73  5:10  SCV x2  
  73  5:12  Marine x2  
  79  5:23  Barracks  
  75  5:32  Bunker  
  75  5:34  Marine x2, Barracks  
  75  5:36  Siege Tank  
  75  5:42  SCV  
  79  5:43  SCV  
  79  5:46  Refinery  
  79  5:47  Refinery  
  77  5:51  Marine x2  
  74  5:58  SCV x2  
  74  6:02  Starport Tech Lab  
  73  6:08  Siege Tank  
  73  6:09  Marine x2  
  78  6:12  Barracks Tech Lab  
  78  6:15  SCV x2  
  80  6:18  Barracks  
  80  6:21  Orbital Command  
  77  6:27  Marine x2  
  77  6:30  SCV x2, Marine x2  
  80  6:35  Banshee  
  77  6:43  SCV x2  
  77  6:46  Bunker  
  75  6:48  Bunker, Siege Tank  
  75  6:49  Barracks Tech Lab  
  75  6:50  Barracks Tech Lab  
  76  6:55  SCV x3  
  76  7:00  Bunker  
  74  7:04  Marine x2  
  74  7:09  Marauder, Barracks Tech Lab  
  74  7:10  Marauder  
  78  7:18  Banshee  
  78  7:20  Siege Tank  
  82  7:28  SCV x3  
  78  7:34  Marauder  
  78  7:35  Stimpack  
  78  7:36  Marine x2, Barracks Tech Lab x2  
  76  7:53  Siege Tank  
  76  7:59  Engineering Bay  
  76  8:00  Engineering Bay  
  76  8:04  Marine x2  
  76  8:05  Combat Shield  
  72  8:13  Starport Reactor  
  72  8:14  Marauder x2  
  72  8:19  Marine  
  76  8:22  Marine  
  76  8:26  Siege Tank  
  80  8:28  Missile Turret  
  80  8:30  Concussive Shells  
  80  8:32  Terran Infantry Weapons Level 1, Terran Infantry Armor Level 1  
  80  8:40  SCV x3  
  81  8:49  Marauder x2  
  81  8:50  Marauder  
  81  8:51  Medivac  
  89  8:57  Medivac  
  89  8:59  Supply Depot  
  89  9:00  Supply Depot, Marine x2  
  93  9:11  SCV x2  
  93  9:13  Barracks  
  93  9:16  Siege Tank  
  98  9:21  Orbital Command  
  98  9:23  SCV x2, Marauder x3, Marine x2  
  108  9:30  Medivac  
  106  9:35  SCV, Medivac  
  106  9:36  SCV  
  110  9:42  Missile Turret, Marine x2  
  110  9:44  Marauder x2  
  116  9:58  Supply Depot  
  116  9:59  Supply Depot  
  116  10:00  Supply Depot  
  116  10:02  Refinery  
  116  10:03  Refinery  
  116  10:05  SCV  
  117  10:18  Marine x2  
  117  10:20  Marauder x3, Siege Tank  
  100  10:30  Marauder  
  100  10:32  Medivac x2  
  101  10:36  Marine x2  
  101  10:42  Marauder x2  
  107  10:44  Marauder  
  107  10:48  Armory  
  107  10:49  SCV, Engineering Bay  
  110  10:50  SCV  
  101  11:01  Siege Tank  
  101  11:03  Marauder x2  
  100  11:04  Marine  
  100  11:05  Marine  
  100  11:10  Medivac  
  102  11:12  Medivac  
  102  11:18  SCV x2  
  106  11:23  Orbital Command  
  106  11:24  Marauder  
  106  11:25  Marauder x3  
  114  11:29  Marine x2  
  114  11:32  SCV x2  
  109  11:41  Siege Tank  
  110  11:59  Marauder x2  
  116  12:01  Marauder  
  116  12:06  Marine x2  
  115  12:13  SCV x3, Siege Tank  
  121  12:18  Liberator x2  
  127  12:24  Marauder  
  127  12:25  Marauder x2  
  127  12:27  Marine x2  
  135  12:33  SCV, Supply Depot  
  135  12:34  Supply Depot  
  135  12:36  SCV x2  
  138  12:45  Siege Tank  
  138  12:48  Supply Depot  
  140  12:56  Marauder x4  
  140  12:58  Marine x2  
Tags
 
Add a new tag
Caveats
  • Supply blocks, unpowered buildings, or Contaminate may cause inaccurate times.
  • Supply counts are checked every 10 seconds.